cohdb
Replays
Latest Replays
All Replays
Popular Replays
Top Player Replays
Match Explorer
How It Works
Community
CoH3 Stats
Reddit
Sign in to upload your games and track your stats! →
Sign in with Steam
Match 41360985
Unlisted
Match 41360985
Overview
Messages
Build Orders
End
Construct Section Command Post
Vickers Machine Gun Team
Selects Canadian Shock Battlegroup
Dingo Light Scout Car
Infantry Section
Selects Attacking Spirit
Selects Canadian Shock Section
Canadian Shock Section
Grenade Package
Construct Platoon Command Post
Humber Armored Car
Infantry Section
CMP 15cwt Truck
6-pounder Anti-tank Gun Team
Selects Incendiary Munitions
Selects Pyrotechnics
Construct Company Command Post
Foot Guards Section
Jabbas
silial
カルト_くん
Yeknod
0
0
Comments
sign in to comment!
No comments posted yet!